Cogmind - Beta 13 @@@ ROGUE MODE // 2024.04.13 @ 13:06:17 Player: VC94 Result: Destroyed by G-47 Trooper with Particle Gun Performance ------------- Evolutions (0) 0 Regions Visited (1) 200 Robots Destroyed (12) 60 Value Destroyed (318) 318 Prototype IDs (0) 0 Alien Tech Used (0) 0 Bonus (0) 0 TOTAL SCORE: 578 Bonus ------- None Cogmind --------- Core Integrity 0/250 Matter 288/300 Energy 100/100 System Corruption 0% Temperature Cool (9) Movement Rolling (175) Ox5 Location -10/Materials Parts ------- > --- POWER (1) -------- (None) > --- PROPULSION (2) --- Compact Wheel > --- UTILITY (2) ------ Huge Storage Unit Signal Interpreter > --- WEAPON (2) ------- Heavy Hammer > --- INVENTORY (25) --- Light Ion Engine Aluminum Leg Visual Processing Unit Grenade Launcher Grenade Launcher Heavy Hammer Peak State ------------ > --- POWER ------------ Light Ion Engine > --- PROPULSION ------- Aluminum Leg Aluminum Leg > --- UTILITY ---------- Small Storage Unit Signal Interpreter > --- WEAPON ----------- Light Assault Rifle Light Assault Rifle > --- INVENTORY -------- Light Ion Engine Light Ion Engine Compact Wheel Compact Wheel Visual Processing Unit Heavy Hammer Heavy Hammer [Rating: 8] Favorites ----------- Power Light Ion Engine Engine Light Ion Engine Propulsion Aluminum Leg Leg Aluminum Leg Wheel Compact Wheel Utility Signal Interpreter Storage Small Storage Unit Processor Signal Interpreter Weapon Light Assault Rifle Ballistic Gun Light Assault Rifle Special Weapon Mining Laser Impact Weapon Heavy Hammer Build | -11 -10 ------- Run | Yrd Mat Slots Evolved . | . . Power . | . . Propulsion . | . . Utility . | . . Weapon . | . . Parts Attached 16 | 6 10 Power 2 | 1 1 Engine 2 | 1 1 Core . | . . Reactor . | . . Propulsion 6 | 2 4 Treads . | . . Leg 3 | 2 1 Wheel 3 | . 3 Hover . | . . Flight . | . . Utility 3 | 1 2 Device . | . . Storage 2 | 1 1 Processor 1 | . 1 Hackware . | . . Protection . | . . Artifact . | . . Weapon 5 | 2 3 Energy Gun . | . . Energy Cannon . | . . Ballistic Gun 3 | 2 1 Ballistic Cannon . | . . Launcher . | . . Special Weapon 1 | . 1 Impact Weapon 1 | . 1 Slashing Weapon . | . . Piercing Weapon . | . . Special Melee Weapon . | . . Unidentified Prototypes . | . . Parts Lost 6 | . 6 Power 1 | . 1 Propulsion 3 | . 3 Utility . | . . Weapon 2 | . 2 Highest Loss Streak 3 | . 3 To Critical Strikes . | . . Average Slot Usage (%) 91 | . 91 Engine 12 | . 12 Leg 9 | . 9 Wheel 12 | . 12 Storage 14 | . 14 Processor 13 | . 13 Ballistic Gun 15 | . 15 Special Weapon 2 | . 2 Impact Weapon 8 | . 8 Naked Turns . | . . Heaviest Build 88 | 10 88 Greatest Support 32 | 20 32 Greatest Overweight (x) 5 | . 5 Average Overweight (x) 1 | . 2 Largest Inventory Capacity 25 | 8 25 Average Capacity 16 | 7 16 Most Carried 8 | 4 8 Average Carried 5 | 1 5 Final Capacity 25 | 8 25 Final Carried 6 | 3 6 Class Distribution -------------------- 100% | Mutant Dominant Class ---------------- Mutant | -10/Materials Resources | -11 -10 ----------- Run | Yrd Mat Matter Collected 412 | 202 210 Remotely . | . . Salvage Created 431 | . 431 Parts 18 | . 18 Haulers Intercepted 1 | . 1 Recyclers Shooed 1 | . 1 Parts Field Recycled . | . . Retrieved Matter . | . . Parts Self-Destructed . | . . Prevented . | . . Kills | -11 -10 ------- Run | Yrd Mat Combat Hostiles Destroyed 8 | . 8 Melee 1 | . 1 Guns 5 | . 5 Classes Destroyed 4 | . 4 Worker 2 | . 2 Hauler 1 | . 1 Watcher 1 | . 1 Grunt 8 | . 8 Best Kill Streak 3 | . 3 Combat Bots Only 3 | . 3 Max Kills in Single Turn 1 | . 1 Gunslinging . | . . Exploded . | . . Melee 1 | . 1 Uniques/NPCs Destroyed . | . . Combat | -11 -10 -------- Run | Yrd Mat Hostile Shots Fired 116 | . 116 Missed 36 | . 36 Damage Taken 1000 | . 1000 Core 250 | . 250 Absorbed by Shields . | . . Core Remaining (%) 100 | 100 . Volleys Fired 45 | . 45 Largest 2 | . 2 Hottest 100 | . 100 Shots Fired 77 | . 77 Gun 74 | . 74 Cannon . | . . Launcher . | . . Special 3 | . 3 Kinetic 74 | . 74 Thermal 3 | . 3 Explosive . | . . Electromagnetic . | . . Robot Hit Streak 10 | . 10 Robot Miss Streak 3 | . 3 Penetration Max . | . . Secondary Targets 1 | . 1 Max Gunslinging Chain 1 | . 1 Shots Hit Robots 69 | . 69 Core Hits 21 | . 21 Critical Kills 1 | . 1 Critical Parts Destroyed 2 | . 2 Critical Strikes 3 | . 3 Smash 3 | . 3 Melee Attacks 27 | . 27 Impact 27 | . 27 Slashing . | . . Piercing . | . . Sneak Attacks 5 | . 5 Combat Hostiles . | . . Follow-up Attacks . | . . Damage Inflicted 1462 | . 1462 Guns 401 | . 401 Cannons . | . . Explosions . | . . Melee 1037 | . 1037 Ramming . | . . Kinetic 401 | . 401 Thermal 24 | . 24 Explosive . | . . Electromagnetic . | . . Impact 1037 | . 1037 Slashing . | . . Piercing . | . . Highest Corruption . | . . Average Corruption . | . . Corruption Purged . | . . Corruption Blocked . | . . Overload Shots . | . . Overflow Damage 190 | . 190 Projectiles . | . . Explosions . | . . Melee 190 | . 190 Knockbacks 5 | . 5 Impact 5 | . 5 Kinetic . | . . Secondary . | . . Self-Inflicted Damage . | . . Shots . | . . Rammed . | . . Targets Rammed . | . . Kicked . | . . Crushed . | . . Highest Temperature 96 | . 96 Average Temperature 19 | . 19 Received Heat Transfer 609 | . 609 Siege Activations . | . . Robots Corrupted . | . . Combat Hostiles . | . . Parts Fried . | . . Impact Corruptions 6 | . 6 Robots Melted . | . . Combat Hostiles . | . . Parts Melted . | . . Heat Transferred 50 | . 50 Parts Sabotaged . | . . Parts Stolen . | . . Parts Stripped . | . . Power Chain Reactions . | . . Alert | -11 -10 ------- Run | Yrd Mat Peak Influence 293 | . 293 Initial . | . . Average 140 | . 154 Maximum Alert Level 1 | . 1 Low Security (%) 64 | 100 61 Level 1 35 | . 38 Level 2 . | . . Level 3 . | . . Level 4 . | . . Level 5 . | . . High Security . | . . Max Security . | . . Squads Dispatched 3 | . 3 Investigation 1 | . 1 Extermination . | . . Reinforcement 2 | . 2 Assault . | . . Garrison . | . . Intercept . | . . Searches Triggered . | . . Construction Impeded . | . . Haulers Reinforced . | . . Active Scanning Responses . | . . Cargo Convoy Interrupts . | . . Stealth | -11 -10 --------- Run | Yrd Mat Distress Signals 1 | . 1 Communications Jammed . | . . Distress Signals . | . . Times Spotted 22 | . 22 Peak Tracking Total 4 | . 4 Tactical Retreats 2 | . 2 Traps | -11 -10 ------- Run | Yrd Mat Traps Triggered 1 | . 1 Indirectly . | . . Trap Hack Attempts . | . . Triggered . | . . Disarmed . | . . Reprogrammed . | . . Reused . | . . Traps Extracted . | . . Installed . | . . Triggered . | . . Machines | -11 -10 ---------- Run | Yrd Mat Machines Disabled . | . . Max in Single Turn . | . . Machines Repaired . | . . Machines Dismantled . | . . Machines Sabotaged . | . . Overloaded Fab Kills . | . . Hacking | -11 -10 --------- Run | Yrd Mat Machines Accessed 1 | . 1 Terminals 1 | . 1 Fabricators . | . . Repair Stations . | . . Recycling Units . | . . Scanalyzers . | . . Garrison Access . | . . Total Hacks 4 | . 4 Successful . | . . Failed 4 | . 4 Catastrophic 1 | . 1 Database Lockouts . | . . Manual . | . . Terminals 4 | . 4 Fabricators . | . . Repair Stations . | . . Recycling Units . | . . Scanalyzers . | . . Garrison Access . | . . Terminal Hacks . | . . Fabricator Hacks . | . . Repair Station Hacks . | . . Recycling Unit Hacks . | . . Scanalyzer . | . . Garrison Access Hacks . | . . Unauthorized Hacks . | . . Terminals . | . . Fabricators . | . . Repair Stations . | . . Recycling Units . | . . Scanalyzers . | . . Garrison Access . | . . Data Cores Recovered . | . . Used . | . . Hacking Detections 1 | . 1 Full Trace Events . | . . Feedback Events . | . . Feedback Blocked . | . . Robot Schematics Acquired . | . . Robots Built . | . . Authchips . | . . Time . | . . Total Robot Build Rating . | . . Part Schematics Acquired . | . . Parts Built . | . . Authchips . | . . Time . | . . Total Part Build Rating . | . . Parts Repaired . | . . Time . | . . Parts Recycled . | . . Recycled Matter . | . . Retrieved Matter . | . . Retrieved Components . | . . Parts Scanalyzed . | . . Part Schematics Acquired . | . . Parts Damaged . | . . Bothacking | -11 -10 ------------ Run | Yrd Mat Used RIF Installer . | . . Robots Hacked . | . . Non-combat . | . . Combat . | . . Robot Hacks Applied . | . . Relay Couplers Released . | . . Fabnet Peak Effective % . | . . Robots Rewired . | . . Allies Hacked . | . . Hacks Repelled . | . . Allies | -11 -10 -------- Run | Yrd Mat Total Allies . | . . Largest Group . | . . Highest-Rated Group . | . . Highest-Rated Ally . | . . Total Orders . | . . Ally Attacks . | . . Total Damage . | . . Kills . | . . Allies Corrupted . | . . Allies Melted . | . . Intel | -11 -10 ------- Run | Yrd Mat Robot Analysis Total . | . . Derelict Logs Recovered . | . . Drone Launches . | . . Drone Recoveries . | . . Exploration | -11 -10 ------------- Run | Yrd Mat Turns Passed 606 | 55 551 Spaces Moved 280 | 40 240 Core 10 | 10 . Treads . | . . Legs 110 | 30 80 Wheels 160 | . 160 Hover . | . . Flight . | . . Fastest Speed 50 | 50 100 Average Speed 131 | 102 136 Slowest Speed 175 | 120 175 Overloaded Moves . | . . Propulsion Burnouts . | . . Robots Hopped . | . . Cave-ins Triggered . | . . Exploration Rate (%) 23 | 4 42 Regions Visited 1 Branch Regions . Pre-discovered Areas . | . . Known Exits Taken . | . . Unknown Exits Taken 1 | 1 . Scrap Searched . | . . Spaces Dug . | . . Terrain Destroyed 1 | . 1 Melee . | . . Projectile 1 | . 1 AOE . | . . Terrain Rammed . | . . Walls Destroyed . | . . Machines Disabled . | . . Actions | -11 -10 --------- Run | Yrd Mat Total 405 | 54 351 Wait 8 | . 8 Move 279 | 39 240 Hop . | . . Pick Up 23 | 9 14 Fast Attach . | . . Attach 15 | 6 9 Detach . | . . Swap 1 | . 1 Drop 7 | . 7 Fire 45 | . 45 Melee 27 | . 27 Ram . | . . Kick . | . . Crush . | . . Escape Stasis . | . . Rewire . | . . Trap . | . . Miscellaneous . | . . Route ------- -11/Scrapyard -10/Materials (discovered 2 exits: *Mat / [*Min]) History --------- Turn | Location | Event 8 | -11/Scrapyard | Discovered new exit (range 16) 56 | -11/Scrapyard | Entered Materials 298 | -10/Materials | Discovered new exit (range 16) 312 | -10/Materials | Identified exit to Materials 317 | -10/Materials | Build established: Mutant 443 | -10/Materials | Discovered new exit (range 16) 562 | -10/Materials | Core integrity fell below 50% 600 | -10/Materials | Core integrity fell below 20% 601 | -10/Materials | Lost 3 parts (1p1n1w) 607 | -10/Materials | Destroyed by G-47 Trooper with Particle Gun Last Messages --------------- Wheel destroyed. M-13 Machinist repairs G-47 Trooper. Critical hit (Burn: +37). G-47 Trooper knocked back. Lgt. Ion Engine destroyed. Assault Rifle destroyed. M-13 Machinist repairs G-47 Trooper. Destroyed Sml. Laser. G-34 Mercenary system corrupted by crushing effect. G-47 Trooper knocked back. M-13 Machinist fits Backup Laser I on G-34 Mercenary. M-13 Machinist repairs Aluminum Leg. G-34 Mercenary IFF system glitched. Critical hit (Burn: +37). G-47 Trooper suffers critical hit (Smash). Destroyed Lgt. Nuclear Core. G-47 Trooper system corrupted by crushing effect. Map ----- +----------------------------------------------------+ | | | | | | | | | | | | | | | | | | | | | | | | | | | | | | | | | | | ##???????????????????????????#???????????????????? | | #???????????????????????????# ??????????????????? | | #?????????????????????????? #=??????????????????? | | #?????????????????????????? # ?????????????????? | | #????????????????????????? # ????????????????? | | #??????#?????????????????? #? ????#####???????? | | #???? ?????????????????? ??? ???# !!#???????? | | #####/#############+######g######+#### !!#???????? | | ^ ^ @ //#???????? | | ^ ^ g #???????? | | ^ !! r % % ==#???????? | | #######/##### !! !#####+#####m ==#???????? | | #? ??# ^ !! # [=**! # #####???????? | | " # # # [*""" # #???????????? | | " # # k #"" """ # =[#???????????? | | " # # #"" """ #=%*#?#####?????? | | # # #"T #!%%#?# ####### | | # # #"" # [#?# # | | #### # #"Y"####"" # #?# # | | ???# # #"""#??# # #?# + """" | | ???# # #####???########## #?# # """" | | #######+##### #????????????????# #?# # """" | | #???#/% #????????????????# ### ####### | | #####%/ #????????????????# ## #????? | | ! #????????????????# #????? | | ######+##????????????????# #????? | | % #???? ??????????????????# #????? | | #????? ??????????????????# ## #????? | | ######????? ??????????????????# ########????? | | ##????????????????????????????# #???????????? | | T#????????????????????????????# #???????????? | | ##????????????????????????????# #???????????? | | #?????????????????????????????# #???????????? | +----------------------------------------------------+ Best States ------------- Heat Dissipation 25 Energy Generation 10 Energy Capacity 125 Matter Stores 300 Matter Capacity 300 Sight Range 16 Terrain Scan Density 10 Evasion (%) 55 Item Schematics ----------------- None Robot Schematics ------------------ None Fabricated ------------ Nothing Alien Tech Used ----------------- None Achievements -------------- None Challenges ------------ None Game ------ Seed MetafieldGravityStorm Manual? 0 Play Time 00:09:04 Cumulative 5.8 hours Start 2024.04.13 @ 12:59:05 End 2024.04.13 @ 13:06:17 Sessions 1 Manual Loads 0 Difficulty Rogue Special Mode None Game No. 16 Rogue 16 Adventurer 0 Explorer 0 Win Type - Total 0 Types 0/0/0/0/0/0/0/0/0 Lore% 3 Gallery% 12 Achievement% 10 Wizard Run 0 Options --------- Layout 1 ASCII 0 Keyboard 0 Movement Mouse Keybinds 0 Fullscreen 1 Font 32/SmallcapsGlow Map View 50x40 Zoom Use 0% Tactical HUD 0 Map Filters NONE Filters NONE Steam 1 RUN: 6a89c68d-51cc-49ab-8eff-e7e993327e65